 Dungeon Crawl Stone Soup version 0.31-a0-430-gf8416d752b (webtiles) character file.

Game seed: 17130496164691162132

250612 AdnanSaban the Hoplite (level 19, -11/131 HPs)
             Began as a Gargoyle Fighter on July 31, 2023.
             Was the Champion of Okawaru.
             Killed from afar by a deep elf high priest (28 damage)
             ... with damnation
             ... on level 1 of the Elven Halls.
             The game lasted 01:18:53 (35002 turns).

AdnanSaban the Hoplite (Gargoyle Fighter)          Turns: 35002, Time: 01:18:53

Health: -11/131    AC: 53    Str: 27    XL:     19   Next: 63%
Magic:  24/25      EV: 12    Int: 10    God:    Okawaru [******]
Gold:   2558       SH: 29    Dex: 13    Spells: 18/18 levels left

rFire   + . .        s - +0 eveningstar (flame)
rCold   . . .        H - +0 tower shield
rNeg    + + .        r - +3 plate armour "Otireuri" {Will+ Slay+3}
rPois   ∞            q - +1 hat {Stlth+}
rElec   +            R - +0 cloak of the True Pharaoh {Will++ Regen+ Dex-4 SInv}
rCorr   .            A - +2 pair of gloves of the Changing Gods {Fly rF+ rN+}
SInv    +            O - +5 pair of boots of Loss {Fly}
Will    +++++        a - amulet of reflection Stlth
                     L - ring of Wuleg {AC+4 Dex+8}
HPRegen 1.21/turn    p - ring of willpower
MPRegen 0.19/turn

%: reflection
@: heroic, flying
A: sickness immunity, AC +14, big wings, negative energy resistance 1,
electricity resistance, torment resistance 1, petrification resistance,
deterioration 1
}: 2/15 runes: barnacled, gossamer
a: Renounce Religion, Heroism, Finesse, Duel


You were on level 1 of the Elven Halls.
You worshipped Okawaru.
Okawaru was exalted by your worship.
You visited 7 branches of the dungeon, and saw 33 of its levels.

You collected 2558 gold pieces.

Inventory:

Hand Weapons
 s - a +0 eveningstar of flaming (weapon)
 P - a +3 morningstar of freezing
Missiles
 k - 6 throwing nets
 m - 29 poisoned darts
 n - 5 darts of dispersal
 B - 10 javelins
 C - 2 atropa-tipped darts
 I - 39 boomerangs (quivered)
 M - 8 curare-tipped darts
Armour
 q - a +1 hat of stealth (worn)
 r - the +3 plate armour "Otireuri" (worn) {Will+ Slay+3}
   (Okawaru gifted it to you on level 5 of the Lair of Beasts)

   Slay:      It affects your accuracy & damage with ranged weapons and melee
   (+3).
   Will:      It increases your willpower.
 A - the +2 pair of gloves of the Changing Gods (worn) {Fly rF+ rN+}
   (Okawaru gifted it to you on level 3 of the Lair of Beasts)

   rF:        It protects you from fire.
   rN:        It protects you from negative energy.
   Fly:       It grants you flight.
 H - a +0 tower shield (worn)
 O - the +5 pair of boots of Loss (worn) {Fly}
   (Okawaru gifted it to you on level 3 of the Spider Nest)

   Fly:       It grants you flight.
 R - the +0 cloak of the True Pharaoh (worn) {Will++ Regen+ Dex-4 SInv}
   (You found it on level 12 of the Dungeon)

   Dex:       It affects your dexterity (-4).
   SInv:      It lets you see invisible.
   Regen:     It increases your rate of health regeneration.
   Will:      It greatly increases your willpower.
Jewellery
 a - an amulet of reflection (around neck)
 p - a ring of willpower (right hand)
 F - a ring of positive energy
 L - the ring of Wuleg (left hand) {AC+4 Dex+8}
   (You found it on level 5 of the Lair of Beasts)

   [ring of protection]

   AC:        It affects your AC (+4).
   Dex:       It affects your dexterity (+8).
 U - a ring of ice
Wands
 h - a wand of digging (5)
Scrolls
 b - 10 scrolls of blinking {unknown}
 e - 16 scrolls of identify
 f - 3 scrolls of immolation
 g - 5 scrolls of enchant armour
 j - 5 scrolls of poison {unknown}
 l - 4 scrolls of enchant weapon {unknown}
 o - 2 scrolls of summoning
 t - 13 scrolls of teleportation {unknown}
 v - 8 scrolls of vulnerability {unknown}
 w - 11 scrolls of noise {unknown}
 x - 2 scrolls of silence
 y - 4 scrolls of revelation
 G - 6 scrolls of amnesia {unknown}
 J - 5 scrolls of fear {unknown}
 N - 2 scrolls of fog
 Q - a scroll of torment {unknown}
 W - 2 scrolls of brand weapon
 Z - a scroll of acquirement
Potions
 c - a potion of resistance
 d - 5 potions of might
 i - 10 potions of curing
 u - a potion of degeneration {unknown}
 z - 3 potions of lignification
 D - 5 potions of cancellation
 E - 6 potions of heal wounds {unknown}
 K - 3 potions of invisibility
 S - 3 potions of haste {unknown}
 T - 3 potions of ambrosia
 V - 9 potions of brilliance {unknown}
 X - 3 potions of berserk rage
 Y - 2 potions of magic


   Skills:
 * Level 18.3(23.3) Fighting
 + Level 18.0(23.0) Maces & Flails
 + Level 4.4(9.4) Throwing
 + Level 13.7(18.7) Armour
 + Level 4.0(9.0) Dodging
 + Level 2.6(7.6) Stealth
 + Level 21.7(26.7) Shields
 * Level 8.5 Invocations


You had 18 spell levels left.
You didn't know any spells.
Your spell library contained the following spells:

 Spells                   Type           Power      Damage    Failure   Level
 Apportation              Tloc           0%         N/A       89%         1
 Foxfire                  Conj/Fire      0%         2x1d4     89%         1
 Kiss of Death            Conj/Necr      0%         2d5       89%         1
 Shock                    Conj/Air       0%         1d3       89%         1
 Ensorcelled Hibernation  Hex/Ice        0%         N/A       96%         2
 Lesser Beckoning         Tloc           0%         N/A       96%         2
 Passwall                 Tmut/Erth      0%         N/A       96%         2
 Scorch                   Fire           0%         2d5       96%         2
 Confusing Touch          Hex            0%         N/A       99%         3
 Gell's Gravitas          Tloc           0%         N/A       99%         3
 Ignite Poison            Fire/Tmut/Pois 0%         N/A       99%         3
 Portal Projectile        Hex/Tloc       0%         N/A       99%         3
 Swiftness                Air            0%         N/A       99%         3
 Teleport Other           Tloc           0%         N/A       99%         3
 Airstrike                Air            0%         2d(0-16)  100%        4
 Dispel Undead            Necr           0%         3d6       100%        4
 Flame Wave               Conj/Fire      0%         2d4       100%        4
 Iskenderun's Mystic Bla  Conj/Tloc      0%         2d3       100%        4
 Leda's Liquefaction      Hex/Erth       0%         N/A       100%        4
 Passage of Golubria      Tloc           0%         N/A       100%        4
 Sticky Flame             Conj/Fire      0%         2d3       100%        4
 Alistair's Intoxication  Tmut/Pois      0%         N/A       100%        5
 Borgnjor's Vile Clutch   Necr/Erth      0%         N/A       100%        5
 Yara's Violent Unravell  Hex/Tmut       0%         3d3       100%        5
 Eringya's Noxious Bog    Tmut/Pois      0%         4d6       100%        6
 Plasma Beam              Fire/Air       0%         2x1d10    100%        6
 Starburst                Conj/Fire      0%         6d3       100%        6
 Ozocubu's Refrigeration  Ice            0%         4d7       100%        7
 Ignition                 Fire           0%         3d3       100%        8
 Call Imp                 Summ           Unusable   N/A       N/A         2
 Call Canine Familiar     Summ           Unusable   N/A       N/A         3
 Tukima's Dance           Hex            Unusable   N/A       N/A         3
 Simulacrum               Ice/Necr       Unusable   N/A       N/A         6
 Summon Cactus Giant      Summ           Unusable   N/A       N/A         6

Dungeon Overview and Level Annotations

Branches:
Dungeon (15/15)            Temple (1/1) D:7            Lair (5/5) D:8
 Shoals (4/4) Lair:2       Spider (4/4) Lair:3        Slime (0/5) Lair:4
    Orc (2/2) D:10            Elf (2/3) Orc:2        Vaults (0/5) D:13
 Depths (0/4) D:15

Altars:
Ashenzari
Cheibriados
Dithmenos
Elyvilon
Fedhas
Gozag
Hepliaklqana
Kikubaaqudgha
Makhleb
Nemelex Xobeh
Okawaru
Qazlal
Ru
Sif Muna
Trog
Uskayaw
Vehumet
Wu Jian
Xom
Yredelemnul
Zin
The Shining One
Jiyva

Shops:
D:1 (   Orc:2 ?([!   Elf:2 (

Portals:
Trove: D:14 (give +2 gold dragon scales)

Annotations:
D:3 Crazy Yiuf
Lair:4 1 runed translucent door
Shoals:1 3 runed translucent doors, maded's ghost, journeyman TrSh


Innate Abilities, Weirdness & Mutations

You are immune to sickness and miasma.
Your stone body is resilient. (AC +14)
You are immune to poison.
Your large and strong wings let you fly.
You resist negative energy. (rN+)
You are resistant to electric shocks. (rElec)
You are resistant to unholy torment.
You are immune to petrification.
Your body sometimes deteriorates upon taking damage.


Message History

The deep elf archer mumbles some strange words.
The deep elf archer blinks!
You gain the combat prowess of a mighty hero.
The deep elf archer unwields a +0 dagger.
The deep elf archer wields a +0 longbow.
The deep elf archer shoots an arrow.
You block the arrow with an invisible shield... and reflect it back!
The arrow closely misses the deep elf archer.
The deep elf zephyrmancer mumbles some strange words.
The deep elf zephyrmancer blinks!
You feel better.
Unknown command.
You completely miss the deep elf high priest.
The deep elf high priest is moderately wounded.
The deep elf high priest calls down the wrath of its god upon you.
Something smites you!
* * * LOW HITPOINT WARNING * * *
The deep elf zephyrmancer is engulfed in blazing flames.
You block the deep elf high priest's attack.
The deep elf archer casts a spell.
The deep elf archer blinks!
You puncture the deep elf high priest! You burn the deep elf high priest!
The deep elf high priest is almost dead.
You puncture the deep elf high priest! You burn the deep elf high priest.
You kill the deep elf high priest!
Okawaru accepts your kill.
The deep elf high priest mumbles some strange prayers to its god against you.
Something smites you!
* * * LOW HITPOINT WARNING * * *
The deep elf high priest unwields a +0 long sword.
The deep elf high priest wields a +0 longbow.
The deep elf high priest shoots an arrow.
You block the arrow with an invisible shield... and reflect it back!
The arrow hits the deep elf high priest!
Things that are here:
a +0 long sword; an elf corpse You feel better.
The deep elf high priest invokes the aid of its god against you.
The sphere of damnation explodes!
The damnation engulfs you!!
You die... ##### ##### ## ##(:8###8!8###8 e# .#e( ##.....#.....#..
G.$$.E. ###8.....8.....8.. ..e...( #@'.).⌠..[).⌠..... .#oo#.. #.#8....)8)[...8.. ..oo... ##e##.....#.....#.. ### oooo.

##e####8.8###(.8###8
#'##++#''#''##E## ###########
##
.###..#.e.§o.eo○########.....#
..##.##......)○.'e.....').).[#
..'.....'.)...E☼########.....#
..########...§○## ##'..)##


You could see a deep elf high priest (brilliance aura) and a deep elf
zephyrmancer (empowered).

Vanquished Creatures
  Mara (Shoals:3)
  Saint Roka (Elf:2)
  Bai Suzhen (Shoals:3)
  Jorgrun (D:13)
  A deep elf blademaster (Elf:2)
  Polyphemus (Shoals:3)
  An ancient champion (Elf:1)
  Gastronok (D:11)
  Donald (Orc:2)
  A deep elf sorcerer (Elf:1)
  7 emperor scorpions (Spider:4)
  2 ghost moths
  An orc warlord (Orc:2)
  2 broodmothers
  The ghost of Gigyrch the Basher, a journeyman DsFi of Ru (Orc:1)
  A vampire knight (Elf:1)
  A deep elf demonologist (Elf:1)
  Azrael (Orc:2)
  A spark wasp (Spider:4)
  Snorg (D:11)
  2 merfolk javelineers (Shoals:4)
  A deep elf death mage (Elf:1)
  An eidolon (Elf:1)
  2 spectral elves (Elf:1)
  A jiangshi (Elf:1)
  5 merfolk impalers
  An entropy weaver (shapeshifter) (Elf:2)
  3 entropy weavers
  3 fire dragons
  Fannar (D:12)
  Harold (Orc:1)
  Erolcha (D:12)
  2 hydras
  A deep elf high priest (Elf:1)
  A jorogumo (Spider:4)
  2 catoblepae
  4 merfolk aquamancers
  2 centaur warriors (D:15)
  27 dancing weapons
  3 radroaches (Spider:4)
  4 merfolk avatars
  2 satyrs
  5 boulder beetles
  A vampire mage (Elf:1)
  A death knight (D:13)
  6 two-headed ogres
  2 death yaks (Shoals:3)
  3 orc high priests
  8 demonic crawlers
  16 deep elf knights
  5 pharaoh ants
  8 skeletal warriors
  A shadow wraith (Elf:1)
  5 orb spiders
  13 sea snakes
  A sun moth (Spider:3)
  3 skysharks (Lair:4)
  A flayed ghost (Elf:1)
  A wizard (D:13)
  3 deep elf archers (Elf:1)
  A lindwurm (Lair:5)
  13 deep elf zephyrmancers
  A kraken simulacrum (Shoals:4)
  6 harpies
  2 necromancers (Orc:1)
  14 deep elf pyromancers
  An orc knight (Orc:1)
  17 wolf spiders
  A mana viper (shapeshifter) (D:15)
  An orc sorcerer (Orc:1)
  10 steelbarb worms
  8 ugly things
  11 manticores
  5 fauns
  8 cyclopes
  2 moths of wrath (Spider:4)
  16 elephants
  13 merfolk sirens
  7 water nymphs
  3 torpor snails
  7 black mambas
  2 molten gargoyles (Lair:5)
  17 cane toads
  2 gargoyles (D:12)
  An unseen horror (D:11)
  A rime drake (shapeshifter) (Elf:1)
  13 komodo dragons
  Psyche (D:12)
  A freezing wraith (D:15)
  A yaktaur (D:15)
  3 rime drakes
  7 trolls
  A hornet (D:8)
  23 tarantellas
  40 merfolk
  9 wind drakes
  3 polar bears
  Prince Ribbit (D:7)
  9 dream sheep
  12 blink frogs
  6 snapping turtles
  21 slime creatures
  15 culicivoras
  11 water elementals
  2 air elementals
  31 jumping spiders
  A shadow (D:12)
  7 wyverns
  An ettin skeleton (Orc:1)
  Eustachio (D:5)
  3 wraiths
  48 yaks
  5 basilisks
  4 steam dragons
  5 fire elementals
  80 redbacks
  9 vampire mosquitoes
  Menkaure (D:5)
  4 wargs
  3 swamp worms (Lair:5)
  6 hell hounds
  2 acid dragons
  15 water moccasins
  43 orc warriors
  2 black bears
  A sky beast (D:6)
  3 ice beasts
  An orc zombie (Orc:1)
  12 centaurs
  23 wolves
  6 ogres
  3 elf simulacra (Elf:1)
  A phantom (D:4)
  Blork the orc (D:6)
  2 kobold brigands (D:8)
  3 earth elementals (Elf:1)
  2 gnoll sergeants
  2 scorpions
  10 bullfrogs
  13 wights
  A cyclops zombie (Orc:1)
  A warg zombie (Orc:1)
  15 killer bees
  A warg skeleton (Orc:1)
  5 howler monkeys
  An electric eel (D:14)
  5 lava snakes (Lair:5)
  A jelly (D:7)
  28 orc priests
  4 hounds
  2 gnoll boudas
  Ijyb (D:4)
  5 hell rats (Lair:2)
  6 iguanas
  2 sleepcaps
  Natasha (thrice) (D:4)
  35 orc wizards
  Robin (D:3)
  18 gnolls
  7 adders
  An ogre simulacrum (Orc:1)
  2 orc skeletons (Orc:1)
  A shadow imp (D:5)
  3 white imps
  2 ufetubi
  A worm (D:2)
  2 dart slugs
  124 orcs
  3 endoplasms
  3 giant cockroaches
  11 hobgoblins
  6 jackals
  3 quokkas
  3 ball pythons
  7 bats
  3 frilled lizards
  15 goblins
  17 kobolds
  2 rats
  A tentacle (Shoals:4)
1236 creatures vanquished.

Vanquished Creatures (others)
  A deep elf knight (Elf:1)
  A deep elf zephyrmancer (Elf:1)
  4 deep elf pyromancers
  A manticore (Shoals:4)
  2 merfolk (Shoals:4)
  A redback (Spider:1)
  A hell hound (Lair:5)
  A butterfly (D:8)
  3 tentacles (Shoals:4)
15 creatures vanquished.

Grand Total: 1251 creatures vanquished

Notes
Turn   | Place    | Note
-------+----------+-------------------------------------------
     0 | D:1      | AdnanSaban the Gargoyle Fighter began the quest for the
                  | Orb.
     0 | D:1      | Reached XP level 1. HP: 14/14 MP: 1/1
   214 | D:1      | Found Qafebut's Antique Weapon Emporium.
   228 | D:1      | Reached XP level 2. HP: 18/19 MP: 2/2
   536 | D:1      | Found a faded altar of an unknown god.
   878 | D:2      | Reached XP level 3. HP: 21/23 MP: 3/3
  1459 | D:2      | Reached XP level 4. HP: 28/28 MP: 4/4
  1633 | D:3      | Noticed Robin
  1645 | D:3      | Killed Robin
  1937 | D:3      | Found a runed translucent door.
  1938 | D:3      | Noticed Crazy Yiuf
  1974 | D:3      | Reached XP level 5. HP: 19/33 MP: 5/5
  2243 | D:3      | Found a basalt altar of Yredelemnul.
  2693 | D:4      | Noticed a black bear
  2697 | D:4      | Noticed Ijyb
  2705 | D:4      | Killed a black bear
  2706 | D:4      | Reached skill level 1 in Dodging
  2706 | D:4      | Reached skill level 4 in Shields
  2706 | D:4      | Reached XP level 6. HP: 34/38 MP: 6/6
  2722 | D:4      | Killed Ijyb
  2953 | D:3      | Identified the +7 hammer "Udghinein" {flame, Int+2}
  3051 | D:4      | Noticed Natasha
  3059 | D:4      | Killed Natasha
  3065 | D:4      | Noticed Natasha
  3070 | D:4      | Killed Natasha
  3130 | D:4      | Reached skill level 5 in Maces & Flails
  3256 | D:4      | Noticed an ice beast
  3259 | D:4      | Killed an ice beast
  3260 | D:4      | Reached skill level 1 in Stealth
  3260 | D:4      | Reached XP level 7. HP: 43/43 MP: 7/7
  3265 | D:4      | Noticed Natasha
  3272 | D:4      | Killed Natasha
  3301 | D:4      | Reached skill level 5 in Armour
  3675 | D:5      | Entered Level 5 of the Dungeon
  3675 | D:5      | Noticed Menkaure
  3738 | D:5      | Killed Menkaure
  3767 | D:5      | Reached XP level 8. HP: 48/48 MP: 8/8
  3879 | D:5      | Found a shadowy altar of Dithmenos.
  3892 | D:5      | Reached skill level 5 in Shields
  4080 | D:5      | Found an opulent altar of Gozag.
  4094 | D:5      | Noticed Eustachio
  4109 | D:5      | Killed Eustachio
  4110 | D:5      | Reached skill level 6 in Shields
  4306 | D:5      | Found an ornate altar of the Wu Jian Council.
  4308 | D:5      | Found a blossoming altar of Fedhas.
  4308 | D:5      | Found a shimmering blue altar of Sif Muna.
  4347 | D:5      | Found a shadowy altar of Dithmenos.
  4347 | D:5      | Found a shimmering altar of Xom.
  4347 | D:5      | Found a shimmering blue altar of Sif Muna.
  4652 | D:6      | Reached XP level 9. HP: 53/53 MP: 9/9
  4760 | D:6      | Noticed Blork the orc
  4771 | D:6      | Killed Blork the orc
  4786 | D:6      | Reached skill level 7 in Shields
  4816 | D:5      | Reached skill level 5 in Fighting
  5174 | D:6      | Found a snail-covered altar of Cheibriados.
  5327 | D:7      | Found an ancient bone altar of Kikubaaqudgha.
  5327 | D:7      | Found a staircase to the Ecumenical Temple.
  5335 | D:7      | Noticed Prince Ribbit
  5344 | Temple   | Entered the Ecumenical Temple
  5393 | D:7      | Killed Prince Ribbit
  5394 | D:7      | Reached skill level 8 in Shields
  5612 | D:7      | Found a shimmering blue altar of Sif Muna.
  5695 | D:7      | Reached XP level 10. HP: 59/59 MP: 10/10
  5931 | D:7      | Found a stormy altar of Qazlal.
  6078 | D:8      | Reached skill level 9 in Shields
  6106 | D:8      | Found a white marble altar of Elyvilon.
  6128 | D:8      | Found a broken altar of Ashenzari.
  6274 | D:8      | Found a hide-covered altar of Uskayaw.
  6619 | D:8      | Found a staircase to the Lair.
  6669 | D:8      | Noticed a two-headed ogre
  6679 | D:8      | Killed a two-headed ogre
  6680 | D:8      | Reached skill level 1 in Throwing
  6680 | D:8      | Reached skill level 10 in Shields
  7271 | D:9      | Reached XP level 11. HP: 58/65 MP: 11/11
  7274 | D:9      | Reached skill level 10 in Maces & Flails
  7379 | D:9      | Noticed a two-headed ogre
  7388 | D:9      | Killed a two-headed ogre
  7569 | D:9      | Identified the +1 chain mail "Weyptuopa" {rElec Dex+2}
  7687 | D:9      | Reached skill level 11 in Shields
  7946 | D:10     | Entered Level 10 of the Dungeon
  8045 | D:10     | Found a staircase to the Orcish Mines.
  8338 | D:10     | Found a sparkling altar of Nemelex Xobeh.
  8393 | D:10     | Found an iron altar of Okawaru.
  8398 | D:10     | Became a worshipper of Warmaster Okawaru
  8624 | D:10     | Reached * piety under Okawaru
  8797 | D:10     | Identified the +9 long sword "Neyceot" {heavy, rElec}
  9056 | D:11     | Noticed a two-headed ogre
  9204 | D:11     | Killed a two-headed ogre
  9205 | D:11     | Reached skill level 1 in Invocations
  9234 | D:11     | Reached ** piety under Okawaru
  9267 | D:11     | Noticed a skeletal warrior
  9295 | D:11     | Killed a skeletal warrior
  9415 | D:11     | Noticed a skeletal warrior
  9440 | D:11     | Killed a skeletal warrior
  9441 | D:11     | Reached XP level 12. HP: 65/73 MP: 13/13
  9512 | D:10     | Reached *** piety under Okawaru
  9709 | D:11     | Noticed Gastronok
  9726 | D:11     | Killed Gastronok
  9727 | D:11     | Reached skill level 12 in Shields
  9807 | D:11     | Reached **** piety under Okawaru
 10021 | D:11     | Noticed Snorg
 10035 | D:11     | Killed Snorg
 10350 | D:12     | Noticed Fannar
 10480 | D:12     | Identified the +0 cloak of the True Pharaoh {Will++ Regen+
                  | Dex-4 SInv}
 10565 | D:12     | Noticed Psyche
 10572 | D:12     | Killed Psyche
 10877 | D:12     | Noticed Erolcha
 10886 | D:12     | Killed Erolcha
 11181 | Lair:1   | Entered Level 1 of the Lair of Beasts
 11504 | Lair:1   | Reached ***** piety under Okawaru
 11505 | Lair:1   | Reached skill level 10 in Armour
 11515 | Lair:1   | Noticed a catoblepas
 11537 | Lair:1   | Killed a catoblepas
 11538 | Lair:1   | Reached skill level 5 in Invocations
 11693 | Lair:1   | Reached XP level 13. HP: 71/79 MP: 16/16
 11776 | Lair:1   | Reached skill level 13 in Shields
 12115 | Lair:2   | Received a gift from Okawaru
 12394 | Lair:2   | Found a staircase to the Shoals.
 12451 | Lair:2   | Received a gift from Okawaru
 12973 | Lair:3   | Reached skill level 14 in Shields
 13112 | Lair:3   | Found a hole to the Spider Nest.
 13508 | Lair:3   | Noticed a fire dragon
 13524 | Lair:3   | Killed a fire dragon
 13524 | Lair:3   | Reached ****** piety under Okawaru
 13801 | Lair:3   | Reached skill level 10 in Fighting
 13908 | Lair:4   | Gained mutation: Your large and strong wings let you fly.
                  | [Gargoyle growth]
 13908 | Lair:4   | Reached XP level 14. HP: 79/88 MP: 18/18
 13994 | Lair:4   | Received a gift from Okawaru
 14007 | Lair:4   | Found a runed translucent door.
 14007 | Lair:4   | Found a viscous altar of Jiyva.
 14008 | Lair:4   | Found a staircase to the Slime Pits.
 14250 | Lair:4   | Got the Encyclopedia of Boreal Topology
 14384 | Lair:4   | Reached skill level 15 in Shields
 14834 | Lair:5   | Entered Level 5 of the Lair of Beasts
 14868 | Lair:5   | Identified the +3 plate armour "Otireuri" {Will+ Slay+3}
                  | (Okawaru gifted it to you on level 5 of the Lair of Beasts)
 14868 | Lair:5   | Received a gift from Okawaru
 15039 | Lair:5   | Identified the ring of Wuleg {AC+4 Dex+8}
 15216 | Lair:5   | Found a large runed translucent door.
 15216 | Lair:5   | Found a large runed translucent door.
 15907 | Lair:5   | Reached skill level 15 in Maces & Flails
 16507 | Orc:1    | Entered Level 1 of the Orcish Mines
 16870 | Orc:1    | Noticed Harold
 16934 | Orc:1    | Killed Harold
 17008 | Orc:1    | Found a runed translucent door.
 17302 | Orc:1    | Noticed Gigyrch's ghost (journeyman DsFi)
 17450 | Orc:1    | Killed Gigyrch's ghost
 17451 | Orc:1    | Reached XP level 15. HP: 94/94 MP: 19/19
 17522 | Orc:2    | Entered Level 2 of the Orcish Mines
 17716 | Orc:2    | Found a staircase to the Elven Halls.
 17793 | Orc:2    | Reached skill level 16 in Shields
 17878 | Orc:2    | Noticed Donald
 17901 | Orc:2    | Killed Donald
 18019 | Orc:2    | Noticed an orc warlord
 18069 | Orc:2    | Killed an orc warlord
 18199 | Orc:2    | Noticed Azrael
 18216 | Orc:2    | Killed Azrael
 18379 | Orc:2    | Found Rulakui's Distillery.
 18527 | Orc:2    | Received a gift from Okawaru
 18534 | Orc:2    | Found Tyelutov's Magic Scroll Emporium.
 18589 | Orc:2    | Found Woddoito's Antique Weapon Shop.
 18599 | Orc:2    | Found Woynautu's Antique Armour Boutique.
 19084 | Spider:1 | Entered Level 1 of the Spider Nest
 19852 | Lair:3   | Identified the +2 pair of gloves of the Changing Gods {Fly
                  | rF+ rN+} (Okawaru gifted it to you on level 3 of the Lair
                  | of Beasts)
 19852 | Lair:3   | Received a gift from Okawaru
 20382 | Spider:2 | Noticed a ghost moth
 20556 | Spider:1 | Killed a ghost moth
 20557 | Spider:1 | Reached skill level 17 in Shields
 20807 | Spider:2 | Reached XP level 16. HP: 83/103 MP: 20/20
 22167 | Spider:3 | Identified the +5 pair of boots of Loss {Fly} (Okawaru
                  | gifted it to you on level 3 of the Spider Nest)
 22167 | Spider:3 | Received a gift from Okawaru
 23008 | Spider:4 | Entered Level 4 of the Spider Nest
 23167 | Spider:4 | Reached skill level 18 in Shields
 23795 | Spider:4 | Received a gift from Okawaru
 23955 | Spider:4 | Received a gift from Okawaru
 23986 | Spider:4 | Got a gossamer rune of Zot
 24191 | Spider:4 | Gained mutation: Your body sometimes deteriorates upon
                  | taking damage. [mutagenic glow]
 24320 | Spider:4 | Reached skill level 19 in Shields
 24533 | Spider:4 | Reached XP level 17. HP: 98/112 MP: 21/21
 24764 | Shoals:1 | Entered Level 1 of the Shoals
 24891 | Shoals:1 | Identified the +2 robe "Gawieb" {rElec Int+4 Dex+7 Slay-5}
 24913 | Shoals:1 | Identified the +0 mace of the Gazing Hero {venom, rC- rN++
                  | Str+4} (Okawaru gifted it to you on level 1 of the Shoals)
 24913 | Shoals:1 | Received a gift from Okawaru
 25044 | Shoals:1 | Found the +7 great mace "Firestarter" {flame, immolate,
                  | rFlCloud rF++}
 25047 | Shoals:1 | Found a runed translucent gate.
 25048 | Shoals:1 | Found a runed translucent gate.
 25049 | Shoals:1 | Found a runed translucent gate.
 25388 | Shoals:1 | Noticed maded's ghost (journeyman TrSh)
 25745 | Shoals:2 | Reached skill level 15 in Fighting
 25784 | Shoals:1 | Identified a scroll of acquirement
 26580 | Shoals:3 | Identified the +4 scale mail of Classification {rElec rPois
                  | rF- SInv} (Okawaru gifted it to you on level 3 of the
                  | Shoals)
 26580 | Shoals:3 | Received a gift from Okawaru
 26728 | Shoals:3 | Noticed Mara
 26747 | Shoals:3 | Noticed AdnanSaban's illusion
 26883 | Shoals:3 | Noticed AdnanSaban's illusion
 26920 | Shoals:3 | Killed Mara
 27248 | Shoals:3 | Noticed Polyphemus
 27279 | Shoals:3 | Killed Polyphemus
 27578 | Shoals:4 | Entered Level 4 of the Shoals
 28175 | Shoals:4 | Got the Quarto of Blinking Support
 28234 | Shoals:4 | Reached skill level 20 in Shields
 28431 | Shoals:3 | Identified the +0 pair of gloves "Yfit Yhu" {rPois Str+3
                  | SInv} (Okawaru gifted it to you on level 3 of the Shoals)
 28431 | Shoals:3 | Received a gift from Okawaru
 28441 | Shoals:3 | Reached XP level 18. HP: 91/120 MP: 22/22
 28564 | Shoals:4 | Noticed Bai Suzhen
 29137 | Shoals:3 | Killed Bai Suzhen
 29277 | Shoals:4 | Got a barnacled rune of Zot
 30127 | D:12     | Killed Fannar
 30740 | D:13     | Noticed Jorgrun
 30747 | D:13     | Killed Jorgrun
 30935 | D:13     | Found a gate to the Vaults.
 31193 | D:14     | Found a portal to a secret trove of treasure.
 31878 | D:14     | You are sucked into a shaft and drop 1 floor!
 31878 | D:15     | Entered Level 15 of the Dungeon
 32253 | D:15     | Found a staircase to the Depths.
 32258 | D:15     | Received a gift from Okawaru
 32374 | D:15     | Identified the +1 ring mail of the Wasteland {Rampage rC-
                  | Will+ Stlth+}
 32964 | Elf:1    | Entered Level 1 of the Elven Halls
 33121 | Elf:1    | Reached skill level 21 in Shields
 33304 | Elf:1    | You are sucked into a shaft and drop 1 floor!
 33312 | Elf:2    | Noticed a deep elf blademaster
 33331 | Elf:2    | Killed a deep elf blademaster
 33351 | Elf:2    | Reached XP level 19. HP: 109/129 MP: 24/24
 33475 | Elf:2    | Found a runed translucent gate.
 33475 | Elf:2    | Found a runed translucent gate.
 33571 | Elf:2    | Found a runed translucent gate.
 33590 | Elf:2    | Received a gift from Okawaru
 33861 | Elf:2    | Paralysed by an air elemental for 1 turns
 34032 | Elf:2    | Noticed Saint Roka
 34089 | Elf:2    | HP: 1/130 [Saint Roka/+0 glaive (7)]
 34090 | Elf:2    | Killed Saint Roka
 34279 | Elf:2    | Found Gaamoy's Weapon Shop.
 34810 | Elf:1    | Identified the +1 helmet "Ipyrunk" {rF- Dex+4} (Okawaru
                  | gifted it to you on level 1 of the Elven Halls)
 34810 | Elf:1    | Received a gift from Okawaru
 35000 | Elf:1    | HP: 5/131 [deep elf high priest/divine providence (12)]
 35002 | Elf:1    | Killed from afar by a deep elf high priest

Illustrated notes

Levels and vault maps discovered:
D:1:      lemuel_arrival_cross, layout_basic, serial_shops, shop,
          shapermc_ecumenical_altar_starsandcircs
D:2:      layout_loops_ring
D:3:      layout_basic, mainiacjoe_overflow_concentric_impassable,
          guppyfry_early_orc_mine, uniq_crazy_yiuf_cottage, uniq_robin
D:4:      nicolae_cairo_tiling_large_dashed, layout_basic, abandoned_shop,
          uniq_natasha, uniq_ijyb
D:5:      layout_gridville, doesnt_xom_only_xom,
          mainiacjoe_overflow_catwalk_spiral, kennysheep_small_square,
          uniq_eustachio, uniq_menkaure
D:6:      layout_rooms, mainiacjoe_overflow_catwalk, minmay_quadrilaterals,
          uniq_blork_the_orc
D:7:      layout_rooms, lemuel_round_altar, old_standard_altar,
          mainiacjoe_overflow_boulevard, minmay_temple_entry_ruins,
          uniq_prince_ribbit1
D:8:      layout_basic, nicolae_elyvilon_peaceful_grove,
          nicolae_overflow_crystal_walls, mainiacjoe_overflow_24_doors,
          david_lair_shrubbed
D:9:      layout_cave_pools, dreamdust_gnoll_shepherd
D:10:     layout_roguey, kennysheep_mini, marbit_many_paths, orc_0_dummy
D:11:     layout_rooms, uniq_gastronok, uniq_snorg
D:12:     layout_irregular_city, gauntlet_entry_generic, nicolae_hexahallways,
          uniq_fannar, uniq_erolcha, uniq_psyche
D:13:     layout_roguey, david_vaults_4, uniq_jorgrun
D:14:     layout_basic, nicolae_trove_entry_crossroad, minmay_misc_feat_cross
D:15:     hangedman_depths_entry_try_elsewhere_first, layout_rooms
Temple:   jpeg_temple_island
Lair:1:   layout_cave_pods
Lair:2:   layout_misc_corridors, nicolae_shoals_entry_roost, beast_lair_carwin_2
Lair:3:   dragon1_lemuel, layout_small_grid, spider_nest_entry_web_field
Lair:4:   layout_roguey, slime_entry_2, grunt_megastairs_1
Lair:5:   cheibrodos_lair_end_hotspot, layout_long_grid, st_stairs_5,
          grunt_forest_stairs_basic, worms_lemuel, lemuel_fruit_fields
Shoals:1: layout_shoals, gammafunk_ghost_tricky_traps
Shoals:2: layout_shoals
Shoals:3: layout_shoals, nicolae_shoals_songs, uniq_mara, uniq_polyphemus
Shoals:4: shoals_end_grunt_ice, layout_shoals, uniq_bai_suzhen
Spider:1: layout_spider_delve
Spider:2: layout_chambers
Spider:3: layout_chambers
Spider:4: grunt_spider_rune_circles, hellmonk_test_site
Orc:1:    dreamdust_under_siege, layout_diamond_mine,
          ebering_ghost_reflecting_pool, mines2_david, uniq_harold
Orc:2:    grunt_orc_community_town_hall, layout_diamond_mine,
          grunt_orc_community_big_house_1, grunt_orc_community_big_house_1,
          grunt_orc_community_house_3, grunt_orc_community_house_3,
          grunt_orc_community_house_3, grunt_orc_community_house_2, uniq_azrael,
          uniq_donald
Elf:1:    eino_elf_arrival_customs, layout_geoelf_grid, orc_legates,
          nicolae_elf_deep_mausoleum
Elf:2:    nicolae_elf_blades_crystal_corner, layout_geoelf_diagonals,
          portal_desolation_entry_ruin, serial_shops,
          nicolae_shop_back_alley_shop, lemuel_elevator, uniq_saint_roka

Skill      XL: |  1  2  3  4  5  6  7  8  9 10 11 12 13 14 15 16 17 18 19 |
---------------+----------------------------------------------------------+-----
Armour         | 4 5 6 7 8 9 10 11 12 13 | 13.7
Maces & Flails | 3 4 5 6 7 8 9 11 12 13 15 16 17 18 | 18.0
Dodging        | 1 2 3 4 |  4.0
Shields        | 4 6 8 10 11 12 14 15 17 19 20 21 | 21.7
Fighting       | 4 5 6 7 8 10 11 12 14 16 17 18 | 18.3
Stealth        | 1 2 |  2.6
Throwing       | 1 3 4 |  4.4
Invocations    | 2 5 7 8 |  8.5

Action                     |  1- 3 |  4- 6 |  7- 9 | 10-12 | 13-15 | 16-18 | 19-21 || total
---------------------------+-------+-------+-------+-------+-------+-------+-------++-------
  Melee: Flail             |   125 |   115 |       |       |       |       |       ||   240
         Mace              |       |    40 |   243 |   154 |       |       |       ||   437
         Unarmed           |       |    11 |       |       |       |       |       ||    11
         Morningstar       |       |       |       |   544 |  1758 |  1877 |    50 ||  4229
         Eveningstar       |       |       |       |       |       |       |   336 ||   336
  Throw: Dart              |       |     3 |     3 |    30 |     6 |    12 |       ||    54
         Boomerang         |       |       |       |    28 |     6 |    32 |    22 ||    88
 Invoke: Heroism           |       |       |       |     1 |       |       |     2 ||     3
    Use: Scroll            |       |       |       |       |       |    16 |       ||    16
         Potion            |       |       |       |       |       |       |     3 ||     3
   Stab: Confused          |       |     2 |       |       |       |       |       ||     2
 Armour: Scale mail        |    72 |   103 |   108 |       |       |       |       ||   283
         Skin              |       |     2 |       |       |       |       |       ||     2
         Chain mail        |       |       |    25 |       |       |       |       ||    25
         Plate armour      |       |       |     7 |   447 |   979 |   868 |   101 ||  2402
  Dodge: Dodged            |    71 |    95 |   113 |   206 |   512 |   311 |    45 ||  1353
  Block: Buckler           |    21 |    46 |       |       |       |       |       ||    67
         Tower shield      |       |       |   252 |   692 |  1893 |  2116 |   327 ||  5280
         Reflection        |       |       |       |       |       |   100 |    17 ||   117

Table legend: (Time is in decaauts)
 A = Elapsed time spent in this place.
 B = Non-inter-level travel time spent in this place.
 C = Inter-level travel time spent in this place.
 D = Time resting spent in this place.
 E = Time spent auto-exploring this place.
 F = Levels seen in this place.
 G = Mean time per level.
                   A        B        C        D        E       F      G
               +--------+--------+--------+--------+--------+-----+--------+
         Total |  34621 |  31816 |   2805 |   1493 |  21021 |  33 | 1049.1 |
       Dungeon |  14811 |  13348 |   1463 |    839 |   9250 |  15 |  987.4 |
        Temple |     34 |     34 |      0 |     33 |      0 |   1 |   34.0 |
          Lair |   5498 |   5018 |    480 |     67 |   3514 |   5 | 1099.6 |
        Shoals |   4609 |   4239 |    370 |    148 |   2589 |   4 | 1152.2 |
   Spider Nest |   5337 |   5066 |    271 |    245 |   3327 |   4 | 1334.2 |
  Orcish Mines |   2422 |   2216 |    206 |     38 |   1256 |   2 | 1211.0 |
   Elven Halls |   1907 |   1894 |     13 |    123 |   1085 |   2 |  953.5 |
               +--------+--------+--------+--------+--------+-----+--------+

Top non-repeatable levels by time:
Shoals:3: 1510 daAuts
Spider:4: 1500 daAuts
  Lair:5: 1490 daAuts
    D:10: 1459 daAuts
     D:8: 1440 daAuts
Shoals:4: 1330 daAuts
    D:12: 1322 daAuts
Spider:2: 1316 daAuts
Spider:1: 1269 daAuts
Spider:3: 1251 daAuts
  Lair:3: 1245 daAuts
    D:11: 1229 daAuts
   Orc:2: 1217 daAuts
     D:3: 1210 daAuts
   Orc:1: 1204 daAuts
